 Dungeon Crawl Stone Soup version 0.25.0-11-g1f837a76a1 (webtiles) character file.

Game seed: 2356216426799149507

30 Curus the Skirmisher (level 3, -7/31 HPs)
             Began as a Minotaur Abyssal Knight on June 25, 2020.
             Was a Follower of Lugonu.
             Mangled by Sigmund
             ... wielding a +0 scythe of flaming
              (12 damage)
             ... on level 2 of the Dungeon.
             The game lasted 00:07:20 (1386 turns).

Curus the Skirmisher (Minotaur Abyssal Knight)      Turns: 1386, Time: 00:07:21

Health: -7/31      AC:  5    Str: 16    XL:     3   Next: 3%
Magic:  4/4        EV: 10    Int:  9    God:    Lugonu [*.....]
Gold:   112        SH:  0    Dex: 10    Spells: 2/2 levels left

rFire    . . .     SeeInvis .   a - +1 falchion
rCold    . . .     Gourm    .   f - +0 buckler
rNeg     . . .     Faith    .   g - +0 ring mail
rPois    .         Spirit   .   (helmet restricted)
rElec    .         Reflect  .   (no cloak)
rCorr    .         Harm     .   (no gloves)
MR       .....                  (no boots)
Stlth    ..........             (no amulet)
HPRegen  0.10/turn              (no ring)
MPRegen  0.09/turn              (no ring)

@: confused
A: retaliatory headbutt, horns 2
a: Depart the Abyss, Renounce Religion


You were on level 2 of the Dungeon.
You worshipped Lugonu.
Lugonu was aware of your devotion.
You were hungry.

You visited 1 branch of the dungeon, and saw 2 of its levels.
You visited the Abyss 1 time.

You collected 112 gold pieces.

Inventory:

Hand Weapons
 a - a +1 falchion (weapon)
Armour
 b - a +1 leather armour
 f - a +0 buckler (worn)
 g - a +0 ring mail (worn)
Scrolls
 e - 3 scrolls of remove curse
Comestibles
 c - 6 rations
 d - a chunk of flesh


   Skills:
 - Level 3.6 Fighting
 + Level 3.5 Long Blades
 - Level 2.4 Armour
 - Level 1.1 Dodging
 + Level 2.7 Invocations


You had 2 spell levels left.
You didn't know any spells.
Your spell library was empty.

Dungeon Overview and Level Annotations

Branches:
Dungeon (2/15)

Altars:

Annotations:
D:2 1 runed translucent door, Crazy Yiuf, Sigmund


Innate Abilities, Weirdness & Mutations

You reflexively headbutt those who attack you in melee.
You have a pair of horns on your head.


Message History

Sigmund closely misses you.
You bump into the rock wall.
You feel less confused. Sigmund casts a spell at you.
You resist with significant effort.
You hit Sigmund.
Sigmund is severely wounded.
Sigmund barely misses you.
You hit Sigmund but do no damage. Your headbutt misses Sigmund.
Sigmund is severely wounded.
Sigmund gestures at you while chanting.
You are confused.
You barely miss Sigmund.
Sigmund is severely wounded.
Sigmund barely misses you.
Sigmund points at you and mumbles some strange words.
The puff of flame hits you.
* * * LOW HITPOINT WARNING * * *
Sigmund hits you with a +0 scythe of flaming!
You die...

#.#...#####.........
#....>......#######.
###..#########
#.......# #.#####.#
#### #.#
##.########.. #.#
#.........#.# #.#
#.#######.#@#
#.####.# #..@###.#.
#......# #..........
####.).# #..####.#.#
##### #... #.### #.#
... .##


You could see Sigmund.

Vanquished Creatures
  An ooze (D:2)
  5 bats (D:1)
  2 giant cockroaches (D:1)
  4 hobgoblins (D:1)
  2 frilled lizards (D:1)
  3 goblins
  3 kobolds (D:2)
  5 rats
25 creatures vanquished.

Notes
Turn   | Place    | Note
-------+----------+-------------------------------------------
     0 | Abyss:1  | Curus the Minotaur Abyssal Knight began the quest for the
                  | Orb.
     0 | Abyss:1  | Reached XP level 1. HP: 19/19 MP: 1/1
    29 | Abyss:1  | Noticed a dire elephant zombie
    32 | Abyss:1  | Noticed an efreet
    33 | D:1      | Escaped the Abyss
    63 | D:1      | Reached * piety under Lugonu
   221 | D:1      | Reached XP level 2. HP: 26/26 MP: 2/2
  1161 | D:2      | Found a runed translucent door.
  1162 | D:2      | Noticed Crazy Yiuf
  1219 | D:2      | Reached XP level 3. HP: 31/31 MP: 2/4
  1361 | D:2      | Noticed Sigmund
  1386 | D:2      | Mangled by Sigmund

Illustrated notes

Levels and vault maps discovered:
D:1:      scummos_arrival_checkerplants, layout_basic
D:2:      layout_loops_ring, lemuel_round_altar, uniq_crazy_yiuf_cottage,
          uniq_sigmund

Skill      XL: |  1  2 |
---------------+-------+-----
Invocations    | 2 |  2.7
Long Blades    | 3 |  3.5
Fighting       | |  3.6
Armour         | |  2.4
Dodging        | |  1.1

Action                   || total
-------------------------++-------
Melee: Falchion          ||    71
       Headbutt          ||     5
Invok: Depart the Abyss  ||     1
  Use: Scroll            ||     4
       Potion            ||     5
  Eat: Chunk             ||     1
Armor: Leather armour    ||    13
       Ring mail         ||     3
Dodge: Dodged            ||    39
Block: Buckler           ||     1
       Rpst.: Falchion   ||    10
